cohdb
Replays
Latest Replays
All Replays
Popular Replays
Top Player Replays
Match Explorer
How It Works
Community
CoH3 Stats
Reddit
Sign in to upload your games and track your stats! →
Sign in with Steam
Match 20247801
Unlisted
Match 20247801
Overview
Messages
Build Orders
End
Royal Engineer Section
Construct Section Command Post
Vickers Machine Gun Team
Dingo Light Scout Car
Infantry Section
Construct Platoon Command Post
Selects Heavy Armor Battlegroup
Infantry Section
CMP 15cwt Truck
Selects Rigorous Vehicle Training
Unlock Bishop Self-propelled Artillery
Bishop Self-propelled Artillery
Selects Crusader AA Medium Tank
Crusader AA Medium Tank
Selects Light Vehicle Withdraw and Refit
Light Vehicle Withdraw and Refit
6-pounder Anti-tank Gun Team
Crusader AA Medium Tank
Selects Radio Net
Radio Net
SneaKerz
gb_gbg
Kingcastle
bigmac
0
0
Comments
sign in to comment!
No comments posted yet!